 Dungeon Crawl Stone Soup version 0.24.1-14-gf8d2b509d9 (webtiles) character file.

Game seed: 14494436110364581372, levelgen mode: deterministic

44272 Masnef the Warrior (level 13, -3/128 HPs)
             Began as a Green Draconian Transmuter on Jan 29, 2020.
             Was the Champion of Okawaru.
             Killed from afar by a hell hound (15 damage)
             ... with a blast of flame
             ... on level 6 of the Lair of Beasts on May 21, 2020.
             The game lasted 01:24:19 (26414 turns).

Masnef the Warrior (Green Draconian Transmuter)    Turns: 26414, Time: 01:24:19

Health: -3/128     AC: 14    Str: 14    XL:     13   Next: 95%
Magic:  19/31      EV: 31    Int: 18    God:    Okawaru [******]
Gold:   1045       SH:  7    Dex: 11    Spells: 5/24 levels left

rFire    . . .     SeeInvis .     - Unarmed
rCold    + . .     Gourm    .   O - +2 buckler of Polish {rC+}
rNeg     + . .     Faith    .   (armour unavailable)
rPois    +         Spirit   .   I - +2 hat
rElec    .         Reflect  .   F - +0 cloak
rCorr    .         Harm     .   Z - +1 pair of gloves {archery}
MR       .....                  T - +0 pair of boots {run}
Stlth    +++.......             e - amulet of the acrobat
HPRegen  0.31/turn              q - ring of magical power
MPRegen  0.22/turn              L - ring of positive energy

@: lethally poisoned (-3 -> -3), acrobat, very slightly contaminated, studying
Long Blades, quick
A: breathe noxious fumes, unfitting armour, poison resistance, cold-blooded, AC
+8
a: Breathe Noxious Fumes, Heroism, Finesse, Renounce Religion


You were on level 6 of the Lair of Beasts.
You worshipped Okawaru.
Okawaru was exalted by your worship.
You were hungry.

You visited 3 branches of the dungeon, and saw 19 of its levels.
You also visited: Sewer.

You collected 1270 gold pieces.
You spent 225 gold pieces at shops.

Inventory:

Hand Weapons
 G - a +0 shortbow
 H - the +11 dagger "Ufish" {antimagic, rElec rPois Dex-3}
   (You took it off an orc on level 9 of the Dungeon)

   It reduces the magical energy of the wielder, and disrupts the spells and
   magical abilities of those hit.
   Natural abilities and divine invocations are not affected.
   It affects your dexterity (-3).
   It insulates you from electricity.
   It protects you from poison.
Missiles
 a - 165 arrows
 N - 3 boomerangs of dispersal (quivered)
Armour
 o - a +0 pair of gloves
 F - a +0 cloak (worn)
 I - a +2 hat (worn)
 M - a +0 shield
 O - the +2 buckler of Polish (worn) {rC+}
   (Okawaru gifted it to you on level 11 of the Dungeon)

   It protects you from cold.
 T - a +0 pair of boots of running (worn)
 Z - a +1 pair of gloves of archery (worn)
Jewellery
 e - an amulet of the acrobat (around neck)
 q - a ring of magical power (left hand)
 A - the ring of Emanoic {+Blink rF- MR+ MP+9 Int+8}
   (You found it on level 7 of the Dungeon)

   [ring of magical power]

   It affects your intelligence (+8).
   It makes you vulnerable to fire.
   It affects your resistance to hostile enchantments.
   It affects your magic capacity (+9).
   It lets you blink.
 L - a ring of positive energy (right hand)
Wands
 s - a wand of random effects (30)
 v - a wand of iceblast (3)
 P - a wand of digging (12)
 Q - a wand of acid (3)
 S - a wand of disintegration (5)
 U - a wand of enslavement (6)
 W - a wand of paralysis (7)
 Y - a wand of flame (9)
Scrolls
 b - a scroll of fear
 d - 4 scrolls of immolation
 f - 3 scrolls of enchant weapon
 g - 17 scrolls of remove curse
 i - 8 scrolls of magic mapping
 j - 15 scrolls of teleportation
 k - 5 scrolls of fog
 m - 3 scrolls of random uselessness {unknown}
 y - a scroll of acquirement {unknown}
 z - a scroll of brand weapon {unknown}
 B - 3 scrolls of enchant armour {unknown}
 K - 4 scrolls of amnesia
 V - a scroll of summoning {unknown}
Potions
 h - 2 potions of resistance
 l - 7 potions of heal wounds
 n - a potion of might
 p - 4 potions of flight
 r - a potion of brilliance
 t - 3 potions of curing
 w - a potion of magic
 C - 2 potions of berserk rage
 E - 4 potions of lignification
 J - 3 potions of haste
 R - a potion of mutation
Books
 D - a manual of Long Blades
Comestibles
 c - 22 rations


   Skills:
 * Level 15.7 Fighting
 - Level 2.0 Bows
 + Level 8.9 Dodging
 - Level 5.0 Stealth
 + Level 7.2 Shields
 * Level 11.1 Unarmed Combat
 - Level 6.0 Spellcasting
 - Level 1.0 Charms
 - Level 2.3 Translocations
 + Level 10.7 Transmutations
 - Level 2.0 Ice Magic
 - Level 2.1 Poison Magic
 - Level 6.0 Invocations


You had 5 spell levels left.
You knew the following spells:

 Your Spells              Type           Power        Failure   Level  Hunger
a - Beastly Appendage     Tmut           #####.       1%          1    None
b - Sticks to Snakes      Tmut           #####...     1%          2    None
c - Spider Form           Tmut/Pois      ####......   2%          3    ##.....
d - Shroud of Golubria    Chrm/Tloc      ##....       9%          2    None
e - Blade Hands           Tmut           #####.....   4%          5    #####..
f - Ice Form              Ice/Tmut       ####....     9%          4    ####...
g - Blink                 Tloc           N/A          7%          2    None

Your spell library contained the following spells:

 Spells                   Type           Power        Failure   Level  Hunger
 Ignite Poison            Fire/Tmut/Pois ###.....     6%          3    ##.....
 Infusion                 Chrm           #...         8%          1    None
 Corona                   Hex            #......      12%         1    None
 Magic Dart               Conj           #...         12%         1    None
 Ensorcelled Hibernation  Hex/Ice        #.....       12%         2    None
 Song of Slaying          Chrm           #.......     12%         2    None
 Petrify                  Tmut/Erth      ###.....     13%         4    ####...
 Gell's Gravitas          Tloc           ##........   14%         3    ##.....
 Lesser Beckoning         Tloc           ##........   14%         3    ##.....
 Teleport Other           Tloc           ##......     14%         3    ##.....
 Searing Ray              Conj           #.....       19%         2    None
 Sublimation of Blood     Necr           #.........   19%         2    None
 Alistair's Intoxication  Tmut/Pois      ####....     24%         5    #####..
 Regeneration             Chrm/Necr      #.........   28%         3    ##.....
 Spectral Weapon          Hex/Chrm       #.......     28%         3    ##.....
 Confuse                  Hex            #.......     34%         3    ##.....
 Dazzling Spray           Conj/Hex       #.....       34%         3    ##.....
 Tukima's Dance           Hex            #.......     34%         3    ##.....
 Irradiate                Conj/Tmut      ###.......   36%         5    #####..
 Yara's Violent Unravell  Hex/Tmut       ###.......   36%         5    #####..
 Passage of Golubria      Tloc           N/A          43%         4    ####...
 Force Lance              Conj/Tloc      #.......     58%         4    ####...
 Cause Fear               Hex            #.........   75%         4    ####...
 Fulminant Prism          Conj/Hex       #.........   75%         4    ####...
 Iskenderun's Mystic Bla  Conj           #.......     75%         4    ####...
 Silence                  Hex/Air        #.........   97%         5    #####..
 Deflect Missiles         Chrm/Air       #.........   100%        6    #######
 Discord                  Hex            #.........   100%        8    #######


Dungeon Overview and Level Annotations

Branches:
Dungeon (12/15)            Temple (1/1) D:6            Lair (6/6) D:11
 Shoals (0/4) Lair:3        Snake (0/4) Lair:2        Slime (0/5) Lair:5
    Orc (0/2) D:12          Sewer (visited)

Altars:
Ashenzari
Cheibriados
Dithmenos
Elyvilon
Fedhas
Gozag
Hepliaklqana
Kikubaaqudgha
Makhleb
Nemelex Xobeh
Okawaru
Qazlal
Ru
Sif Muna
Trog
Uskayaw
Vehumet
Wu Jian
Xom
Yredelemnul
Zin
The Shining One

Shops:
D:7 [   D:12 =


Innate Abilities, Weirdness & Mutations

You can breathe blasts of noxious fumes.
Your lurid green scales are hard. (AC +8)
You cannot fit into any form of body armour.
Your system is resistant to poisons. (rPois)
You are cold-blooded and may be slowed by cold attacks.


Message History

Your adder bites the ice devil but does no damage.
Your adder bites the smoke demon but does no damage.
Your adder bites the ice devil.
Your adder completely misses the ice devil.
Your adder bites the ice devil but does no damage.
You feel sick.
There is an open door here.
Something completely misses your adder. The hell hound breathes flames at you.
The blast of flame misses you.
You feel sick. The hell hound completely misses you.
You block the hell hound's attack.
You feel sick. The smoke demon gestures at you. Something smites you!
* * * LOW HITPOINT WARNING * * *
The hell hound breathes flames at you. The blast of flame hits you!
You die...

...♣ ♣.?♣..♣ ♣#..... ...♣♣ ♣♣..♣♣
♣♣♣♣♣'##### ....♣ ♣♣..♣♣
♣♣.♣♣.♣♣♣ ....♣ ♣♣..♣♣ ♣♣.^.3...♣
#.♣♣♣ ♣♣♣ ♣♣..♣♣♣...♣♣♣....♣ ...♣
♣...♣♣♣♣.♣..♣♣♣♣ ♣♣♣♣... ...♣
.....♣...♣♣♣ .. ...♣ ♣...h♣♣ ♣
......♣ ♣♣.@♣♣ ...♣♣♣♣ ♣♣.♣ ...♣♣
♣♣.♣ ....♣ ♣♣.♣♣ ♣♣♣♣ #..♣♣
♣♣♣..♣♣♣♣♣♣♣ ♣♣..♣♣♣♣♣ #...♣♣
♣♣........♣.♣♣♣....♣♣..
......♣♣♣........................
.......♣P...P###P.#.........#....
............P ###........#......


You could see a hell hound.

Vanquished Creatures
  The ghost of Zaebus the Martial Artist, a journeyman OpTm of Sif Muna (Lair:3)
  2 hydras
  Harold (Lair:2)
  A two-headed ogre (D:8)
  A fire crab (Lair:4)
  A sixfirhy (Lair:6)
  A wizard (Lair:6)
  The ghost of kalodont the Covert, a novice KoEn of Sif Muna (D:9)
  An ugly thing (D:11)
  2 cyclopes
  3 elephants (Lair:4)
  A merfolk siren (Lair:3)
  2 orange demons (Lair:6)
  2 black mambas
  A torpor snail (Lair:5)
  12 spiny frogs
  2 rime drakes
  A freezing wraith (D:9)
  13 komodo dragons
  An ice devil (Lair:6)
  2 polar bears
  4 trolls
  23 blink frogs
  10 hippogriffs
  3 wraiths (D:9)
  59 yaks
  A basilisk (Lair:6)
  2 wyverns
  A hungry ghost (D:12)
  A steam dragon (D:11)
  6 nagas (Lair:2)
  2 wargs (D:12)
  10 water moccasins
  4 orc warriors
  2 hell hounds (Lair:6)
  9 porcupines
  3 ice beasts
  2 phantoms
  4 black bears
  6 sky beasts
  8 ogres
  21 wolves
  2 centaurs
  11 crocodiles
  5 big kobolds
  13 bullfrogs
  7 scorpions
  6 howler monkeys
  2 electric eels (D:9)
  2 crimson imps
  A bullfrog zombie (D:8)
  The ghost of Sysandra the Magician, a weakling DECj (D:5)
  2 centaur skeletons
  6 jellies
  6 orc priests
  3 hounds
  3 bullfrog skeletons
  3 iguanas
  9 orc wizards
  8 worker ants
  2 worker ant zombies
  A howler monkey skeleton (D:5)
  12 adders
  4 gnolls (D:7)
  2 river rats (Sewer)
  A shadow imp (D:9)
  An ooze (Lair:5)
  2 adder zombies
  4 worms
  4 dart slugs
  7 leopard geckos
  42 orcs
  3 bats
  8 giant cockroaches
  11 hobgoblins
  13 jackals
  22 kobolds
  6 quokkas
  A ball python (D:4)
  9 frilled lizards
  8 goblins
  A quokka zombie (D:8)
  9 rats
  A fungus (Lair:6)
497 creatures vanquished.

Vanquished Creatures (collateral kills)
  An orange demon (Lair:6)
  An adder (D:2)
  3 orcs
  A jackal (Sewer)
  A frilled lizard (D:4)
7 creatures vanquished.

Vanquished Creatures (others)
  2 spiny frogs (Lair:5)
  A wraith (D:9)
  2 kobolds (D:11)
  A bush (D:11)
  8 fungi
  13 plants
27 creatures vanquished.

Grand Total: 531 creatures vanquished

Notes
Turn   | Place    | Note
-------+----------+-------------------------------------------
     0 | D:1      | Masnef the Draconian Transmuter began the quest for the
                  | Orb.
     0 | D:1      | Reached XP level 1. HP: 16/16 MP: 3/3
   216 | D:1      | Reached XP level 2. HP: 21/23 MP: 5/5
   508 | D:1      | Learned a level 2 spell: Sticks to Snakes
   830 | D:1      | Reached XP level 3. HP: 23/28 MP: 4/6
  1625 | D:2      | Reached XP level 4. HP: 35/35 MP: 3/7
  1635 | D:2      | Found a radiant altar of Vehumet.
  1643 | D:2      | Found a shadowy altar of Dithmenos.
  1733 | D:2      | Found a shimmering blue altar of Sif Muna.
  2204 | D:3      | Found a hide-covered altar of Uskayaw.
  2212 | D:3      | Reached skill level 5 in Unarmed Combat
  2216 | D:3      | HP: 1/35 [orc priest/nerve-wracking pain (11)]
  2221 | D:3      | Reached XP level 5. HP: 15/40 MP: 2/8
  2225 | D:3      | Found a sacrificial altar of Ru.
  3195 | D:4      | Reached XP level 6. HP: 32/47 MP: 9/9
  3293 | D:4      | Found a white marble altar of Elyvilon.
  3405 | D:4      | Found an ornate altar of the Wu Jian Council.
  4008 | D:4      | Your scales start taking on a lurid green colour.
  4008 | D:4      | Reached XP level 7. HP: 52/52 MP: 10/10
  4008 | D:4      | Gained mutation: Your system is resistant to poisons.
                  | (rPois) [Green Draconian growth]
  4013 | D:4      | Learned a level 3 spell: Spider Form
  4316 | D:5      | Entered Level 5 of the Dungeon
  4346 | D:5      | Found a glowing golden altar of the Shining One.
  4443 | D:5      | Found an opulent altar of Gozag.
  4562 | D:5      | Found a runed translucent gate.
  4562 | D:5      | Found a runed translucent gate.
  4564 | D:5      | Found a runed translucent gate.
  4567 | D:5      | Noticed Sysandra's ghost (weakling DECj)
  4627 | D:5      | Reached skill level 1 in Poison Magic
  4773 | D:5      | Reached skill level 1 in Stealth
  5170 | D:5      | Reached skill level 2 in Fighting
  5635 | D:6      | Found a bloodstained altar of Trog.
  5655 | D:6      | Reached skill level 3 in Fighting
  5655 | D:6      | Reached XP level 8. HP: 63/63 MP: 11/11
  5844 | D:6      | Found a glowing drain.
  5883 | D:6      | Reached skill level 4 in Fighting
  5904 | Sewer    | Entered a sewer
  6325 | Sewer    | Found a white marble altar of Elyvilon.
  6418 | D:6      | Reached skill level 5 in Fighting
  6608 | D:6      | Reached skill level 5 in Transmutations
  6767 | D:6      | Found a staircase to the Ecumenical Temple.
  6773 | Temple   | Entered the Ecumenical Temple
  6781 | Temple   | Became a worshipper of Warmaster Okawaru
  7093 | D:6      | Reached skill level 6 in Fighting
  7318 | D:7      | Got a clouded granite ring
  7319 | D:7      | Identified the ring of Emanoic {+Blink rF- MR+ MP+9 Int+8}
                  | (You found it on level 7 of the Dungeon)
  7564 | D:7      | Reached XP level 9. HP: 44/78 MP: 12/12
  7752 | D:7      | Reached * piety under Okawaru
  7791 | D:7      | Reached skill level 7 in Fighting
  7791 | D:7      | Reached skill level 5 in Dodging
  7847 | D:7      | Found Curgh's Antique Armour Boutique.
  7980 | D:8      | Noticed a two-headed ogre
  8325 | D:8      | Learned a level 2 spell: Shroud of Golubria
  8436 | D:8      | Reached skill level 8 in Fighting
  8436 | D:8      | Reached skill level 1 in Translocations
  8756 | D:8      | Killed a two-headed ogre
  8756 | D:8      | Reached ** piety under Okawaru
  8762 | D:8      | Reached skill level 9 in Fighting
  9299 | D:8      | Reached *** piety under Okawaru
  9306 | D:8      | Reached XP level 10. HP: 77/91 MP: 13/13
 10487 | D:7      | Bought a pair of embroidered boots for 225 gold pieces
 11208 | D:9      | Found a runed translucent gate.
 11208 | D:9      | Found a runed translucent gate.
 11208 | D:9      | Found a runed translucent gate.
 11213 | D:9      | Noticed kalodont's ghost (novice KoEn)
 11475 | D:8      | Reached skill level 10 in Fighting
 11475 | D:8      | Reached skill level 5 in Stealth
 11898 | D:5      | Killed Sysandra's ghost
 12264 | D:9      | Reached **** piety under Okawaru
 12440 | D:9      | Reached skill level 11 in Fighting
 12532 | D:9      | Identified the +11 dagger "Ufish" {antimagic, rElec rPois
                  | Dex-3}
 12789 | D:9      | Found an ancient bone altar of Kikubaaqudgha.
 12791 | D:9      | Found a blossoming altar of Fedhas.
 13145 | D:10     | Entered Level 10 of the Dungeon
 13234 | D:10     | Reached ***** piety under Okawaru
 13234 | D:10     | Reached XP level 11. HP: 104/104 MP: 14/14
 13450 | D:10     | Reached skill level 12 in Fighting
 13923 | D:11     | Noticed a green ugly thing
 14028 | D:11     | Found a staircase to the Lair.
 14255 | D:11     | Reached skill level 1 in Shields
 14403 | D:11     | Received a gift from Okawaru
 14429 | D:11     | Got a distressingly furry buckler {god gift}
 14440 | D:11     | Identified the +2 buckler of Polish {rC+} (Okawaru gifted
                  | it to you on level 11 of the Dungeon)
 14562 | D:11     | Killed a green ugly thing
 14890 | D:11     | Reached skill level 1 in Charms
 15058 | D:11     | Learned a level 5 spell: Blade Hands
 15486 | D:12     | Reached skill level 13 in Fighting
 15758 | D:12     | Found a staircase to the Orcish Mines.
 15843 | D:12     | Reached XP level 12. HP: 99/115 MP: 16/16
 15855 | D:12     | Received a gift from Okawaru
 16265 | D:12     | Found Zauzuaru's Jewellery Shop.
 16411 | Lair:1   | Entered Level 1 of the Lair of Beasts
 16542 | Lair:1   | Reached skill level 1 in Bows
 16552 | Lair:1   | Received a gift from Okawaru
 16667 | Lair:1   | Reached skill level 5 in Shields
 17368 | Lair:1   | Upgraded the game from 0.24.0-123-gd5b16e6ec5 to
                  | 0.24.1-8-ga250c9d538
 17368 | Lair:1   | Upgraded the game from 0.24.1-8-ga250c9d538 to
                  | 0.24.1-14-gf8d2b509d9
 17778 | Lair:1   | Learned a level 4 spell: Ice Form
 18250 | Lair:2   | Noticed Harold
 18273 | Lair:2   | Killed Harold
 18273 | Lair:2   | Reached skill level 10 in Unarmed Combat
 18273 | Lair:2   | Reached skill level 1 in Ice Magic
 18356 | Lair:2   | Noticed a seven-headed hydra
 18476 | Lair:2   | Killed a seven-headed hydra
 18848 | Lair:2   | Reached skill level 14 in Fighting
 18881 | Lair:2   | Reached skill level 10 in Transmutations
 18882 | Lair:2   | Found a staircase to the Snake Pit.
 19652 | Lair:3   | Found a runed translucent gate.
 19653 | Lair:3   | Found a runed translucent gate.
 19661 | Lair:3   | Found a runed translucent gate.
 19666 | Lair:3   | Noticed Zaebus's ghost (journeyman OpTm)
 19683 | Lair:3   | Killed Zaebus's ghost
 19844 | D:9      | Received a gift from Okawaru
 19856 | D:9      | Killed kalodont's ghost
 19869 | D:9      | Identified a +0 pair of boots of running (Okawaru gifted it
                  | to you on level 9 of the Dungeon)
 20756 | Lair:3   | Reached XP level 13. HP: 115/125 MP: 18/19
 20760 | Lair:3   | Found a staircase to the Shoals.
 21415 | Lair:4   | Reached skill level 15 in Fighting
 21748 | Lair:4   | Reached ****** piety under Okawaru
 22002 | Lair:4   | Learned a level 2 spell: Blink
 22319 | Lair:4   | Reached skill level 5 in Spellcasting
 23033 | Lair:5   | Reached skill level 5 in Invocations
 23547 | Lair:5   | Received a gift from Okawaru
 24482 | Lair:5   | Found a staircase to the Slime Pits.
 24636 | Lair:6   | Entered Level 6 of the Lair of Beasts
 25242 | Lair:6   | Noticed a dire elephant
 26348 | Lair:6   | Found a burning altar of Makhleb.
 26414 | Lair:6   | Killed from afar by a hell hound

Levels and vault maps discovered:
D:1:      onia_arrival_pentagram, layout_loops_ring
D:2:      layout_rooms, minitemple, led_sif_pool
D:3:      layout_basic, gammafunk_temple_overflow_pools, first_ration
D:4:      layout_loops_ring, lemuel_doored_altar, old_standard_altar
D:5:      layout_basic, grunt_gozag_breadcrumbs, gammafunk_ghost_necromancy,
          basic_altar, minivault_1, minmay_manual_mess
D:6:      layout_basic, old_standard_altar, minmay_temple_entry_overgrown,
          gup_sewer_entry_glass
D:7:      layout_basic, serial_shops, kennysheep_mini_moat
D:8:      layout_loops_ring
D:9:      layout_basic, grunt_temple_overflow_growth_and_decay,
          gammafunk_ghost_spectres, serial_bayou, serial_bayou_crossing,
          serial_bayou_pond_e, serial_bayou_shore_a, serial_bayou_pond_a,
          serial_bayou_ford_a
D:10:     layout_basic
D:11:     layout_basic, minmay_lair_entry_grove
D:12:     layout_loops_ring, david_orc_3, serial_shops, kennysheep_little_box
Temple:   nicolae_temple_no_exploring_needed
Lair:1:   layout_cave_pods, grunt_megastairs_2, infiniplex_staircase_pool_2
Lair:2:   layout_gridlike, minmay_snake_entry_guardpost_medium,
          grunt_megastairs_4, uniq_harold
Lair:3:   layout_cave_pods, minmay_shoals_entry_lonely_mermaid,
          ebering_ghost_rock_garden
Lair:4:   layout_misc_corridors, beast_lair_carwin_7
Lair:5:   layout_loops_ring, nicolae_slime_entry_slimehenge
Lair:6:   evil_forest, layout_gridlike, grunt_megastairs_3, lemuel_fruit_tree,
          infiniplex_staircase_pool

Skill      XL: |  1  2  3  4  5  6  7  8  9 10 11 12 13 |
---------------+----------------------------------------+-----
Transmutations | 3 4 5 6 8 9 10 | 10.7
Unarmed Combat | 4 5 6 7 8 9 10 11 | 11.1
Dodging        | 2 3 4 5 6 7 8 |  8.9
Poison Magic   | 2 |  2.1
Stealth        | 1 3 4 5 |  5.0
Fighting       | 3 6 9 11 13 14 15 | 15.7
Translocations | 2 |  2.3
Invocations    | 2 4 6 |  6.0
Shields        | 4 6 7 |  7.2
Charms         | 1 |  1.0
Spellcasting   | 3 4 6 |  6.0
Bows           | 2 |  2.0
Ice Magic      | 2 |  2.0

Action                   |  1- 3 |  4- 6 |  7- 9 | 10-12 | 13-15 || total
-------------------------+-------+-------+-------+-------+-------++-------
Melee: Unarmed           |   119 |   188 |   417 |   809 |   384 ||  1917
       Headbutt          |     6 |     9 |    32 |    77 |    20 ||   144
       Kick              |     5 |    19 |    23 |     1 |       ||    48
       Tailslap          |     6 |    21 |    36 |   106 |    47 ||   216
       Punch             |     1 |     4 |    14 |    21 |     9 ||    49
 Cast: Beastly Appendage |    15 |    24 |    33 |    43 |    21 ||   136
       Sticks to Snakes  |     2 |    10 |     9 |    11 |    16 ||    48
       Shroud of Golubri |       |       |       |    11 |    22 ||    33
       Blade Hands       |       |       |       |    21 |    15 ||    36
       Ice Form          |       |       |       |     1 |     1 ||     2
       Blink             |       |       |       |       |     3 ||     3
Invok: Heroism           |       |       |       |     9 |     5 ||    14
 Abil: Breathe Noxious F |       |       |    18 |    32 |     5 ||    55
       Evoke Blink       |       |       |     1 |     1 |       ||     2
Evoke: Wand              |       |       |       |     1 |     7 ||     8
  Use: Scroll            |       |     6 |     5 |     7 |     4 ||    22
       Potion            |       |     1 |     3 |       |     1 ||     5
 Stab: Sleeping          |     1 |     1 |     3 |     6 |     3 ||    14
       Distracted        |     1 |       |       |     2 |     2 ||     5
       Confused          |       |       |     9 |    16 |     1 ||    26
  Eat: Chunk             |     3 |     9 |    17 |    37 |    13 ||    79
       Ration            |       |       |     1 |     5 |     3 ||     9
Armor: Skin              |    30 |    49 |   104 |   201 |    95 ||   479
Dodge: Dodged            |    66 |   103 |   257 |   532 |   295 ||  1253
Block: Buckler           |       |       |       |    63 |    84 ||   147
       Shield            |       |       |       |    16 |       ||    16
